Description

marine tank

Replay - 2000 Atmosphären LE (198)

Build Order

Get SALT Encoding   

  12  0:01  SCV  
  13  0:13  SCV  
  14  0:17  Supply Depot  
  14  0:25  SCV  
  15  0:30  Refinery  
  15  0:38  SCV  
  16  0:45  Barracks  
  16  0:50  SCV  
  17  1:02  SCV  
  18  1:15  SCV  
  19  1:31  Orbital Command  
  19  1:32  Reaper  
  20  1:45  Command Center  
  20  1:56  Supply Depot  
  20  1:57  SCV  
  21  2:04  Marine  
  22  2:09  SCV  
  22  2:12  Factory  
  23  2:21  SCV  
  24  2:26  Barracks Reactor, Bunker  
  24  2:33  SCV  
  25  2:37  Barracks  
  25  2:45  SCV  
  25  2:47  Refinery  
  26  2:55  Factory Tech Lab  
  26  2:57  SCV, Orbital Command  
  27  3:03  Marine x2  
  29  3:09  SCV  
  30  3:14  Cyclone  
  33  3:21  Marine x2, SCV x2  
  33  3:26  Barracks Tech Lab  
  37  3:34  SCV x2  
  38  3:39  Marine x2  
  38  3:41  Supply Depot  
  41  3:46  Marine, SCV x2  
  41  3:47  Stimpack  
  44  3:58  Marine x2, SCV x2  
  44  4:02  Siege Tank  
  51  4:05  Supply Depot  
  51  4:10  SCV x2  
  51  4:11  Marine  
  54  4:24  Command Center  
  54  4:26  Marine x3, SCV x2  
  54  4:28  Supply Depot  
  59  4:34  Siege Tank  
  62  4:45  Engineering Bay  
  62  4:50  Marine x3, SCV x2  
  62  4:52  Supply Depot  
  67  4:58  Supply Depot  
  67  5:02  Starport, SCV x2  
  69  5:08  Marine  
  69  5:13  Marine x2, Siege Tank  
  74  5:14  SCV x2  
  74  5:15  Terran Infantry Weapons Level 1  
  74  5:21  Refinery x2  
  77  5:25  Marine  
  77  5:26  SCV x2  
  80  5:31  Marine  
  80  5:34  Combat Shield  
  81  5:37  Barracks  
  81  5:38  SCV  
  81  5:41  Orbital Command  
  82  5:42  Marine x2  
  82  5:43  Supply Depot  
  82  5:47  SCV  
  82  5:49  Marine  
  86  5:52  Starport Reactor  
  86  5:53  SCV  
  86  5:54  Siege Tank  
  90  5:59  SCV  
  90  6:02  Barracks  
  91  6:04  Orbital Command  
  91  6:06  Supply Depot  
  91  6:09  SCV x2  
  93  6:11  Marine x3  
  93  6:12  Barracks  
  96  6:21  SCV x2  
  96  6:25  Refinery  
  98  6:26  Siege Tank  
  98  6:29  Supply Depot x2  
  98  6:31  Marine x2  
  98  6:32  Barracks Reactor  
  103  6:33  SCV x2  
  103  6:36  Medivac x2  
  109  6:43  SCV x3  
  112  6:49  Marine x3  
  112  6:50  Barracks Reactor  
  112  6:54  Supply Depot x2  
  114  6:55  SCV x2  
  114  7:00  Barracks Tech Lab  
  117  7:02  Concussive Shells  
  117  7:03  SCV x2  
  117  7:07  Marine x2  
  121  7:09  SCV, Terran Infantry Armor Level 1  
  121  7:12  Marine x3  
  121  7:13  Engineering Bay, Armory  
  125  7:16  SCV x2  
  125  7:18  Supply Depot x2  
  125  7:20  Refinery  
  127  7:23  Siege Tank  
  127  7:27  Medivac x2  
  134  7:30  Marine x8  
  134  7:33  SCV  
  143  7:38  SCV x2  
  145  7:46  Supply Depot  
  145  7:47  SCV  
  145  7:48  Marine x4  
  150  7:56  Marine x2  
  150  7:57  Medivac x2, Command Center  
  154  8:02  Missile Turret x2  
  156  8:06  Marine x4  
  156  8:07  Missile Turret  
  156  8:11  Terran Infantry Weapons Level 2  
  160  8:16  Siege Tank  
  160  8:17  Marine x4  
  167  8:23  Marine x4  
  167  8:26  Supply Depot x2  
  171  8:31  Terran Vehicle Weapons Level 1  
  171  8:35  Marine x2  
  173  8:47  Marine x6, Medivac x2  
  181  8:50  Siege Tank, Supply Depot x2  
  181  8:52  Marine x2  
  188  9:05  Marine x6, Starport  
  188  9:09  Factory  
  194  9:10  Marine x2  
  196  9:17  Medivac x2  
  196  9:23  Barracks x3  
  200  9:26  Marine x8  
  193  9:33  Siege Tank  
  193  9:36  Fusion Core  
  193  9:37  Terran Infantry Armor Level 2  
  195  9:39  Ghost Academy  
  195  9:44  Marine x8  
  195  9:45  Planetary Fortress  
  190  9:47  Starport Reactor  
  190  9:51  SCV x2  
  196  9:54  Factory Tech Lab  
  196  10:02  Marine x5  
  196  10:04  Missile Turret  
  196  10:05  Liberator x2, Refinery x2  
  197  10:07  Marine  
  197  10:10  Enhanced Shockwaves  
  197  10:13  Barracks Tech Lab x3  
  198  10:15  Marine  
  198  10:18  SCV  
  187  10:28  Liberator x2  
  187  10:35  Advanced Ballistics  
  193  10:37  Marine x6  
  194  10:43  Command Center  
  194  10:49  Siege Tank x2  
  184  10:53  Marine x4  
  188  11:00  Liberator x2  
  188  11:01  Marine x6  
  200  11:20  Missile Turret x2  
  200  11:25  Ghost x2  
  196  11:29  Marauder x3  
  196  11:32  Marine x4  
  189  11:41  Liberator  
  189  11:46  Marine x2  
  190  11:49  Command Center  
  190  11:50  Ghost  
  190  11:52  Viking x2  
  192  12:01  Ghost x2  
  192  12:07  Marine x2, Marauder  
  187  12:16  Siege Tank x2  
  187  12:21  Command Center  
  193  12:26  SCV x2  
  192  12:47  Missile Turret  
  192  12:48  Refinery x2  
Spawning Tool Build Advisor. Get it on Overwolf

Go to:

Details

  • Created by: lucahecker
  • Published on: Apr 03, 2022
  • Modified on: Apr 03, 2022
  • Patch: 4.11.0
  • Difficulty: Medium
Show
View Real Time Build Order
Export as new Build Order

Comments (0)

There are no comments. Be the first!

Create an account to comment!